 Dungeon Crawl Stone Soup version 0.16-a0-3389-g45633df (webtiles) character file.

1327 4tharraofdagon the Slasher (level 8, -3/74 HPs)
             Began as a Demigod Gladiator on Dec 30, 2014.
             Shot with an arrow by a centaur (10 damage)
             ... summoned by a shadow trap
             ... triggered by the player character
             ... on level 6 of the Dungeon.
             The game lasted 00:24:58 (3478 turns).

4tharraofdagon the Slasher (Demigod Gladiator)      Turns: 3478, Time: 00:24:58

Health: -3/74      AC: 11    Str: 22    XL:     8   Next: 12%
Magic:  13/13      EV: 11    Int: 12    God:
Gold:   313        SH:  0    Dex: 18    Spells: 0 memorised, 7 levels left

rFire  . . .     SeeInvis .     a - +0 long sword
rCold  . . .     Clarity  .     m - +0 chain mail
rNeg   + . .     SustAb   +     (no shield)
rPois  .         Gourm    .     c - +0 helmet
rElec  .         Spirit   .     (no cloak)
rCorr  .         Warding  .     i - +1 pair of gloves (curse)
rMut   .         Stasis   .     (no boots)
MR     .....                    (no amulet)
Stlth  ..........               h - ring of invisibility
                                d - ring of positive energy

@: lethally poisoned, not resistant to hostile enchantments, extremely
unstealthy
A: deterioration 1, robust 1, strong 1, sustain abilities
a: Evoke Invisibility


You were on level 6 of the Dungeon.
You were not hungry.

You visited 1 branch of the dungeon, and saw 8 of its levels.

You collected 398 gold pieces.

Inventory:

Hand weapons
 a - a +0 long sword (weapon)
 x - a +3 dagger
Missiles
 t - 3 curare-tipped needles
Armour
 b - a +0 leather armour
 c - a +0 helmet (worn)
 e - a +0 ring mail of cold resistance
 i - a cursed +1 pair of gloves (worn)
 m - a +0 chain mail (worn)
 n - a +0 pair of gloves
Jewellery
 d - a ring of positive energy (left hand)
 h - a ring of invisibility (right hand)
 j - an uncursed ring of teleportation
Magical devices
 w - a wand of fire (0)
 A - a wand of polymorph (6)
Scrolls
 s - a scroll of teleportation
 y - 2 scrolls of remove curse
 B - a scroll of enchant armour
 D - 3 scrolls of identify
Potions
 k - a potion of brilliance
 l - a potion of poison
 o - a potion of haste
 q - a potion of ambrosia
 r - a potion of flight
 C - 2 potions of restore abilities
Comestibles
 f - 4 bread rations
 g - a royal jelly
 p - 2 chunks of flesh
 v - 2 meat rations


   Skills:
 + Level 5.0 Fighting
 * Level 7.1 Long Blades
 - Level 1.7 Throwing
 - Level 5.3 Dodging


You had 7 spell levels left.
You didn't know any spells.

Dungeon Overview and Level Annotations

Branches:
Dungeon (8/15)             Temple (0/1) D:6
   Lair: D:8-11

Annotations:
D:1 1 exclusion
D:3 archlich's ghost, weakling DsEn
D:4 archlich's ghost, experienced DsEn
D:5 Eustachio
D:7 BluebellGnoll's ghost, experienced OpWn; Prince Ribbit


Innate Abilities, Weirdness & Mutations

Your attributes are resistant to harm.
Your body is slowly deteriorating.
You are robust (+10% HP).
Your muscles are strong. (Str +2)


Message History

p - 2 chunks of flesh You feel sick.
You feel sick.
You see here a tomahawk.
You feel sick.
You feel sick.
You feel sick. Shadows whirl around you...
There is a shadow trap here.
Drink which item? (? for menu, Esc to quit)
Okay, then.
The sky beast flickers out of sight!
Unknown command.
Unknown command.
The ogre closely misses you.
Unknown command.
Unknown command.
You feel sick.
The centaur wields a shortbow.
The centaur shoots an arrow.
The arrow hits you!
You die...

≈≈≈≈...≈ .# ≈♣♣♣...
.# ♣♣ ♣P≈♣ ♣#####
#.# #♣♣♣♣≈♣♣
.....#..# ..♣♣≈≈≈♣
######....#
...♣P.♣♣♣......c#S.#
###♣♣.♣ #..O## #..#
##.## ####.## #@#
.....# #.# .....#
#.#
.....###########.#
..............(..#
.....#############
.....# ..>..########
..##........#


You could see an ogre, a centaur and an adder.

Vanquished Creatures
  2 steam dragons
  Menkaure (D:5)
  A necrophage (D:8)
  3 centaurs
  An ogre (D:6)
  2 giant frogs
  A water moccasin skeleton (D:5)
  A giant frog skeleton (D:4)
  A hound (D:6)
  An orc wizard (D:7)
  4 worker ants
  Jessica (D:2)
  A hound skeleton (D:5)
  A river rat (D:5)
  4 adders
  A giant mite (D:5)
  A shadow imp (D:5)
  An adder zombie (D:6)
  2 adder skeletons
  4 giant geckos
  14 orcs
  2 ball pythons (D:5)
  7 bats
  A bat skeleton (D:4)
  3 giant cockroaches
  11 goblins
  5 hobgoblins
  7 jackals
  4 quokkas
  A giant cockroach zombie (D:6)
  A giant gecko skeleton (D:6)
  2 giant newts
  9 kobolds
  12 rats
  A rat zombie (D:5)
114 creatures vanquished.

Vanquished Creatures (others)
  A big kobold (D:6)
  A jelly (D:7)
  A goblin (D:6)
  A jackal (D:6)
  A giant spore (D:7)
5 creatures vanquished.

Grand Total: 119 creatures vanquished

Notes
Turn   | Place    | Note
--------------------------------------------------------------
     0 | D:1      | 4tharraofdagon, the Demigod Gladiator, began the quest for the Orb.
     0 | D:1      | Reached XP level 1. HP: 17/17 MP: 2/2
   141 | D:1      | Reached skill level 3 in Long Blades
   244 | D:1      | Reached XP level 2. HP: 16/24 MP: 3/3
   532 | D:2      | Noticed Jessica
   621 | D:2      | Killed Jessica
   621 | D:2      | Reached XP level 3. HP: 26/29 MP: 5/5
   892 | D:3      | Noticed a centaur
   904 | D:3      | Killed a centaur
   904 | D:3      | Reached skill level 4 in Long Blades
   904 | D:3      | Reached XP level 4. HP: 18/37 MP: 7/7
   942 | D:3      | Noticed archlich's ghost (weakling DsEn)
   952 | D:3      | Found an iron altar of Okawaru.
   964 | D:3      | Reached XP level 5. HP: 9/45 MP: 8/8
  1142 | D:4      | Found a blossoming altar of Fedhas.
  1142 | D:4      | Found an ancient bone altar of Kikubaaqudgha.
  1142 | D:4      | Found an opulent altar of Gozag.
  1147 | D:4      | Found a burning altar of Makhleb.
  1486 | D:4      | Noticed archlich's ghost (experienced DsEn)
  1526 | D:5      | Entered Level 5 of the Dungeon
  1623 | D:5      | Reached XP level 6. HP: 43/51 MP: 10/10
  1654 | D:5      | Noticed Menkaure
  1659 | D:5      | Killed Menkaure
  1659 | D:5      | Reached skill level 5 in Long Blades
  1660 | D:5      | Noticed Eustachio
  1993 | D:5      | Noticed an ogre
  2004 | D:4      | You fall through a shaft!
  2078 | D:6      | Found a staircase to the Ecumenical Temple.
  2093 | D:6      | Reached XP level 7. HP: 17/59 MP: 8/12
  2188 | D:7      | Reached skill level 6 in Long Blades
  2188 | D:7      | Reached skill level 5 in Dodging
  2205 | D:7      | Noticed BluebellGnoll's ghost (experienced OpWn)
  2419 | D:4      | You fall through a shaft!
  2887 | D:8      | HP: 1/60 [ogre/giant spiked club (7)]
  2894 | D:8      | Found a sparkling altar of Nemelex Xobeh.
  2921 | D:8      | Noticed a komodo dragon
  3135 | D:7      | Noticed Prince Ribbit
  3325 | D:6      | Hired Nohack the big kobold for 85 gold.
  3330 | D:6      | Your ally Nohack died
  3334 | D:6      | Gained mutation: Your muscles are strong. (Str +2) [helix card]
  3336 | D:6      | Gained mutation: Your body is slowly deteriorating. [potion of mutation]
  3336 | D:6      | Gained mutation: You are robust (+10% HP). [potion of mutation]
  3340 | D:6      | Reached skill level 5 in Fighting
  3340 | D:6      | Reached skill level 7 in Long Blades
  3340 | D:6      | Reached XP level 8. HP: 5/74 MP: 1/13
  3356 | D:6      | HP: 1/74 [electric eel/bolt of electricity (8)]
  3478 | D:6      | Shot with an arrow by a centaur

Action                   |  1- 3 |  4- 6 |  7- 9 || total
-------------------------+-------+-------+-------++-------
Melee: Long sword        |   128 |   167 |   168 ||   463
Throw: Throwing net      |     4 |     2 |     1 ||     7
       Tomahawk          |       |       |     2 ||     2
 Abil: Evoke Teleportati |       |     2 |     1 ||     3
Evoke: Wand              |       |     2 |     6 ||     8
       Deck              |       |       |     5 ||     5
  Use: Potion            |     3 |     2 |     5 ||    10
       Scroll            |     1 |     8 |     8 ||    17
 Stab: Sleeping          |     1 |       |       ||     1
       Held in net/web   |     1 |     2 |     1 ||     4
  Eat: Chunk             |       |     5 |     4 ||     9
       Pizza             |       |       |     2 ||     2

Vault maps used:
D:1:      kilobyte_arrival_exit_the_forest, minivault_26
D:2:      lemuel_crystal_altar, minivault_14, uniq_jessica
D:3:      lemuel_round_altar, first_bread
D:4:      grunt_temple_overflow_open, lemuel_blue_sif_altar,
          serial_bayou_lagoon_b
D:5:      uniq_eustachio, uniq_menkaure, uniq_crazy_yiuf_cottage
D:6:      temple_green, serial_bayou, serial_bayou_shore_b, serial_bayou_pond_c,
          serial_bayou_pond_b, serial_bayou_crossing
D:7:      kennysheep_little_box, nicolae_qazlal_general_emergency,
          uniq_prince_ribbit1
D:8:      nemelex_deck, dpeg_lair_monsters, serial_shops, shop, basic_altar
